 Dungeon Crawl Stone Soup version 0.26-a0-854-gdc81c2f471 (webtiles) character file.

Game seed: 17508665697536044915

80201 marklar909 the Whirler (level 16, -10/111 HPs)
             Began as a Halfling Hunter on Nov 23, 2020.
             Was the Champion of Okawaru.
             Mangled by a bog body (22 damage)
             ... on level 1 of the Swamp.
             The game lasted 00:55:42 (30757 turns).

marklar909 the Whirler (Halfling Hunter)           Turns: 30757, Time: 00:55:43

Health: -10/111    AC: 33    Str: 17    XL:     16   Next: 14%
Magic:  0/23       EV: 16    Int:  7    God:    Okawaru [******]
Gold:   1439       SH: 15    Dex: 18    Spells: 15/15 levels left

rFire    + . .     SeeInvis .   t - +3 hunting sling (freeze)
rCold    . . .     Faith    .   o - +2 kite shield
rNeg     + . .     Spirit   +   j - +3 plate armour {MR+}
rPois    +         Reflect  .   D - +2 helmet
rElec    .         Harm     .   g - +2 cloak
rCorr    .         Rampage  .   v - +2 pair of gloves of the Candlemaker {rPois MR+}
MR       ++++.                  C - +0 pair of boots of Myllafub {rF+ rN+ MR+}
Stlth    ..........             K - amulet of guardian spirit
HPRegen  0.28/turn              x - +4 ring of protection
MPRegen  0.18/turn              M - +4 ring of evasion

@: drained, very slow
A: small, dopey 1, mutation resistance 1
a: Heroism, Finesse, Renounce Religion


You were on level 1 of the Swamp.
You worshipped Okawaru.
Okawaru was exalted by your worship.
You visited 5 branches of the dungeon, and saw 20 of its levels.

You collected 2075 gold pieces.
You spent 636 gold pieces at shops.

Inventory:

Hand Weapons
 t - a +3 hunting sling of freezing (weapon)
 L - the +8 demon trident "Rift" {distort, reach+}
   (Okawaru gifted it to you on level 6 of the Lair of Beasts)

   It warps and distorts space around it.
   Unwielding it can cause banishment or high damage.
Missiles
 c - 175 sling bullets (quivered)
Armour
 g - a +2 cloak (worn)
 j - a +3 plate armour of magic resistance (worn)
 o - a +2 kite shield (worn)
 v - the +2 pair of gloves of the Candlemaker (worn) {rPois MR+}
   (You found it on level 8 of the Dungeon)

   It protects you from poison.
   It affects your resistance to hostile enchantments.
 C - the +0 pair of boots of Myllafub (worn) {rF+ rN+ MR+}
   (You bought it in a shop on level 9 of the Dungeon)

   It protects you from fire.
   It protects you from negative energy.
   It affects your resistance to hostile enchantments.
 D - a +2 helmet (worn)
Jewellery
 m - an uncursed ring of protection from fire
 x - a +4 ring of protection (left hand)
 K - an amulet of guardian spirit (around neck)
 M - a +4 ring of evasion (right hand)
Wands
 b - a wand of polymorph (20)
 i - a wand of digging (5)
 q - a wand of iceblast (9)
 B - a wand of enslavement (21)
 P - a wand of disintegration (12)
Scrolls
 e - 4 scrolls of immolation
 h - 2 scrolls of enchant armour
 k - a scroll of fog
 y - 9 scrolls of identify
 E - 3 scrolls of enchant weapon
 F - 3 scrolls of fear
 I - a scroll of remove curse
Potions
 a - 2 potions of ambrosia
 n - 3 potions of flight
 p - 2 potions of curing
 r - 5 potions of brilliance
 u - 4 potions of cancellation
 w - 2 potions of magic
 z - 2 potions of resistance
 A - a potion of might
 H - 3 potions of haste
Miscellaneous
 J - a phial of floods


   Skills:
 + Level 10.9(10.1) Fighting
 * Level 3.2(2.5) Polearms
 + Level 18.7(17.7) Slings
 * Level 11.8(10.9) Armour
 * Level 11.5(10.7) Dodging
 + Level 3.0(2.4) Stealth
 * Level 11.8(11.0) Shields
 * Level 9.7(8.9) Invocations
 + Level 0.9(0.3) Evocations


You had 15 spell levels left.
You didn't know any spells.
Your spell library contained the following spells:

 Spells                   Type           Power        Failure   Level
 Animate Skeleton         Necr           #.....       100%        1
 Apportation              Tloc           #.....       100%        1
 Beastly Appendage        Tmut           #.....       100%        1
 Corona                   Hex            #......      100%        1
 Foxfire                  Conj/Fire      #...         100%        1
 Pain                     Necr           #...         100%        1
 Sandblast                Erth           #.....       100%        1
 Summon Small Mammal      Summ           #...         100%        1
 Blink                    Tloc           N/A          100%        2
 Ensorcelled Hibernation  Hex/Ice        #.....       100%        2
 Passwall                 Tmut/Erth      #.......     100%        2
 Poisonous Vapours        Pois/Air       #.....       100%        2
 Slow                     Hex            #.......     100%        2
 Wereblood                Tmut           #.......     100%        2
 Confusing Touch          Hex            #.......     100%        3
 Conjure Flame            Conj/Fire      #.......     100%        3
 Dazzling Flash           Conj/Hex       #.....       100%        3
 Gell's Gravitas          Tloc           #.........   100%        3
 Ignite Poison            Fire/Tmut/Pois #.......     100%        3
 Inner Flame              Hex/Fire       #.......     100%        3
 Lesser Beckoning         Tloc           #.........   100%        3
 Portal Projectile        Hex/Tloc       #.....       100%        3
 Spider Form              Tmut/Pois      #.........   100%        3
 Stone Arrow              Conj/Erth      #.....       100%        3
 Teleport Other           Tloc           #.......     100%        3
 Tukima's Dance           Hex            #.......     100%        3
 Vampiric Draining        Necr           #.........   100%        3
 Animate Dead             Necr           #.........   100%        4
 Cause Fear               Hex            #.........   100%        4
 Ice Form                 Ice/Tmut       #.......     100%        4
 Leda's Liquefaction      Hex/Erth       #.........   100%        4
 Passage of Golubria      Tloc           N/A          100%        4
 Petrify                  Tmut/Erth      #.......     100%        4
 Sticky Flame             Conj/Fire      #.......     100%        4
 Summon Lightning Spire   Summ/Air       #.......     100%        4
 Agony                    Necr           #.......     100%        5
 Blade Hands              Tmut           #.........   100%        5
 Fireball                 Conj/Fire      #.........   100%        5
 Lee's Rapid Deconstruct  Erth           #.........   100%        5
 Shadow Creatures         Summ           N/A          100%        6


Dungeon Overview and Level Annotations

Branches:
Dungeon (10/15)            Temple (1/1) D:5            Lair (6/6) D:8
  Swamp (1/4) Lair:2        Snake (0/4) Lair:2        Slime (0/5) Lair:6
    Orc (2/2) D:9             Elf (0/3) Orc:2

Altars:
Ashenzari
Cheibriados
Dithmenos
Elyvilon
Fedhas
Gozag
Hepliaklqana
Kikubaaqudgha
Makhleb
Nemelex Xobeh
Okawaru
Qazlal
Ru
Sif Muna
Trog
Uskayaw
Vehumet
Wu Jian
Xom
Yredelemnul
Zin
The Shining One

Shops:
D:6 *   D:9 [   Orc:1 *   Orc:2 ?:!(

Portals:
Pandemonium: Orc:2


Innate Abilities, Weirdness & Mutations

You are small and have problems with some larger weapons.
You are somewhat resistant to further mutation.
You are dopey. (Int -2)


Message History

You shoot a sling bullet. The sling bullet hits the goliath frog!
The goliath frog seems to slow down.
The sling bullet freezes the goliath frog.
The goliath frog is heavily wounded.
You hear a splash.
The foxfire hits you but does no damage.
A swamp worm comes into view.
The goliath frog hits you but does no damage.
The alligator puts on a burst of speed!
Firing (i - inventory)
c - 176 sling bullets (quivered)
Press: ? - help, Shift-Dir - straight line, f/p - goliath frog
Aim: a goliath frog (heavily wounded, slow)
You shoot a sling bullet. The sling bullet hits the goliath frog.
The sling bullet freezes the goliath frog.
The goliath frog is severely wounded.
You hear a splash.
The bog body touches you.
* * * LOW HITPOINT WARNING * * *
The bog body freezes you!!
You die...

♣ ..§≈≈.w≈≈. ≈≈..♣..≈..
. /≈.≈≈≈≈..♣ ..
≈≈≈.≈§≈≈.♣♣♣w...
.≈≈.≈≈v≈......≈≈.
.≈≈..≈≈≈≈≈§§.≈≈≈≈≈
≈≈≈≈.≈n≈≈§§..≈≈ ≈≈≈
≈≈..≈F≈@≈§.≈..≈≈ ..
...≈≈.§≈§≈≈≈≈≈....≈♣≈♣♣♣
?...≈...≈≈≈♣♣♣♣ ♣§..<.
♣♣♣♣♣≈....♣♣ ♣♣...≈
≈..t.♣♣ ♣♣.≈≈ ♣♣..♣♣♣
♣.≈≈ ♣♣≈ ♣♣.≈ ♣♣ ♣§. ♣♣♣


You could see an alligator (swift), a tyrant leech, a goliath frog (slow), a
will-o-the-wisp, a bog body and a swamp worm.

Vanquished Creatures
  Rupert (Orc:2)
  Donald (Orc:2)
  An orc warlord (Orc:2)
  A dire elephant (Lair:6)
  An eleionoma (Swamp:1)
  6 hydras
  Josephine (Orc:1)
  3 alligators (Swamp:1)
  A catoblepas (Lair:5)
  A two-headed ogre (D:8)
  A deep troll shaman (Lair:5)
  8 death yaks
  7 orc high priests (Orc:2)
  Urug (Lair:4)
  Nergalle (D:10)
  An unseen horror (D:10)
  2 sixfirhies (Orc:2)
  A swamp dragon (Swamp:1)
  An infernal demonspawn (Orc:2)
  Pikel (D:6)
  6 orc knights (Orc:2)
  8 orc sorcerers
  2 oklob plants (Lair:2)
  5 black mambas
  Psyche (D:8)
  An orange demon (Orc:2)
  22 elephants
  A gargoyle (D:9)
  A torpor snail (Lair:4)
  A smoke demon (Orc:2)
  3 rime drakes
  14 cane toads
  2 centaur skeletons (D:10)
  6 komodo dragons
  An ice devil (Orc:2)
  A hellwing (Orc:2)
  3 polar bears (Lair:6)
  A red devil (Orc:2)
  6 trolls
  2 tyrant leeches (Lair:2)
  2 hornets
  10 blink frogs
  4 wraiths (Orc:1)
  7 wyverns
  49 yaks
  6 basilisks
  A steam dragon (D:10)
  5 swamp worms
  6 wargs
  13 water moccasins
  35 orc warriors
  4 sky beasts
  A swamp drake (D:8)
  2 black bears
  6 phantoms
  12 wolves
  13 ogres
  4 centaurs
  3 big kobolds
  22 bullfrogs
  A wyvern skeleton (D:8)
  3 scorpions
  6 killer bees
  8 wights
  A howler monkey (D:6)
  A centaur zombie (D:8)
  21 orc wizards
  2 bullfrog zombies
  3 hounds
  5 jellies
  22 orc priests
  An iguana (D:8)
  3 bullfrog skeletons
  2 worker ants (D:8)
  A hound skeleton (D:7)
  9 gnolls
  16 adders
  3 shadow imps
  4 white imps
  3 ufetubi
  3 oozes (Lair:6)
  An adder zombie (D:8)
  An adder skeleton (D:9)
  2 worms
  A dart slug (D:1)
  4 leopard geckos
  92 orcs
  2 ball pythons
  5 giant cockroaches
  10 goblins
  3 hobgoblins
  6 quokkas
  6 bats
  7 frilled lizards
  A jackal zombie (D:5)
  13 kobolds
  9 rats
614 creatures vanquished.

Vanquished Creatures (others)
  5 dream sheep (D:6)
  A quokka (D:8)
  A bush (Lair:5)
  4 foxfires (Swamp:1)
  42 fungi
  73 plants
126 creatures vanquished.

Grand Total: 740 creatures vanquished

Notes
Turn   | Place    | Note
-------+----------+-------------------------------------------
     0 | D:1      | marklar909 the Halfling Hunter began the quest for the Orb.
     0 | D:1      | Reached XP level 1. HP: 14/14 MP: 1/1
    62 | D:1      | Reached skill level 6 in Slings
    96 | D:1      | Reached XP level 2. HP: 19/19 MP: 2/2
   481 | D:1      | Reached skill level 7 in Slings
   481 | D:1      | Reached XP level 3. HP: 24/24 MP: 3/3
   872 | D:1      | You fall into a shaft and drop 1 floor!
   892 | D:2      | Reached XP level 4. HP: 16/29 MP: 4/4
  1210 | D:2      | Reached skill level 1 in Armour
  1533 | D:2      | Found a radiant altar of Vehumet.
  1624 | D:2      | Found a sacrificial altar of Ru.
  2040 | D:3      | Reached skill level 8 in Slings
  2040 | D:3      | Reached XP level 5. HP: 22/34 MP: 5/5
  2490 | D:3      | Reached skill level 9 in Slings
  2490 | D:3      | Reached XP level 6. HP: 22/41 MP: 6/6
  3111 | D:3      | Found a sacrificial altar of Ru.
  3360 | D:4      | Noticed an ogre
  3370 | D:4      | Killed an ogre
  3371 | D:4      | Reached XP level 7. HP: 34/45 MP: 7/7
  3459 | D:4      | Found a hazy altar of Hepliaklqana.
  3927 | D:4      | Reached skill level 10 in Slings
  4358 | D:5      | Entered Level 5 of the Dungeon
  4513 | D:5      | Found a staircase to the Ecumenical Temple.
  4630 | D:5      | Found a glowing golden altar of the Shining One.
  5011 | D:5      | Reached skill level 11 in Slings
  5011 | D:5      | Reached skill level 1 in Shields
  5011 | D:5      | Reached XP level 8. HP: 21/52 MP: 8/8
  5347 | D:6      | Found Esoura's General Store.
  6071 | D:6      | Noticed Pikel
  6081 | D:6      | Killed Pikel
  6082 | D:6      | Reached skill level 12 in Slings
  6082 | D:6      | Reached XP level 9. HP: 55/58 MP: 9/9
  6138 | D:6      | Found a shimmering altar of Xom.
  7105 | D:7      | Reached skill level 13 in Slings
  7113 | D:7      | Reached skill level 5 in Armour
  7460 | D:8      | Noticed Psyche
  7510 | D:8      | Killed Psyche
  7511 | D:8      | Reached skill level 5 in Dodging
  7672 | D:8      | Reached skill level 5 in Fighting
  7867 | D:8      | Reached XP level 10. HP: 46/66 MP: 10/10
  8486 | Temple   | Entered the Ecumenical Temple
  8593 | Temple   | Became a worshipper of Warmaster Okawaru
  8727 | D:8      | Noticed a komodo dragon
  8763 | D:8      | Killed a komodo dragon
  8790 | D:8      | Reached * piety under Okawaru
  8816 | D:8      | Reached skill level 14 in Slings
  9133 | D:8      | Found a white marble altar of Elyvilon.
  9286 | D:8      | Noticed a two-headed ogre
  9296 | D:8      | Killed a two-headed ogre
  9296 | D:8      | Reached ** piety under Okawaru
  9297 | D:8      | Reached skill level 5 in Shields
  9382 | D:8      | Got a pair of encrusted gloves
  9384 | D:8      | Identified the +2 pair of gloves of the Candlemaker {rPois
                  | MR+} (You found it on level 8 of the Dungeon)
  9676 | D:8      | Found a staircase to the Lair.
 10112 | D:9      | Reached XP level 11. HP: 74/74 MP: 11/11
 10164 | D:9      | Found a staircase to the Orcish Mines.
 10571 | D:9      | Reached *** piety under Okawaru
 10572 | D:9      | Reached skill level 1 in Invocations
 10587 | D:9      | Found Memnoufa's Armour Boutique.
 10599 | D:9      | Bought the cursed +0 pair of boots of Myllafub {rF+ rN+
                  | MR+} for 303 gold pieces
 10599 | D:9      | Bought a +1 helmet for 138 gold pieces
 10624 | D:9      | Found a glowing silver altar of Zin.
 10624 | D:9      | Found a broken altar of Ashenzari.
 11119 | D:9      | Found a stormy altar of Qazlal.
 11221 | D:9      | Found a shimmering blue altar of Sif Muna.
 11437 | D:10     | Entered Level 10 of the Dungeon
 11466 | D:9      | Received a gift from Okawaru
 11621 | D:10     | Reached skill level 15 in Slings
 11821 | D:10     | Reached **** piety under Okawaru
 11845 | D:10     | Received a gift from Okawaru
 11934 | D:10     | Received a gift from Okawaru
 12179 | D:10     | Noticed Nergalle
 12201 | D:10     | Killed Nergalle
 12202 | D:10     | Reached XP level 12. HP: 52/81 MP: 11/14
 12238 | D:10     | Killed an unseen horror
 12624 | D:10     | Reached ***** piety under Okawaru
 12624 | D:10     | Received a gift from Okawaru
 12887 | D:10     | Received a gift from Okawaru
 13313 | Lair:1   | Entered Level 1 of the Lair of Beasts
 13541 | Lair:1   | Reached skill level 5 in Invocations
 13547 | Lair:1   | Reached skill level 16 in Slings
 13551 | Lair:1   | Received a gift from Okawaru
 13663 | Lair:1   | You fall into a shaft and drop 1 floor!
 13883 | Lair:2   | Found a staircase to the Snake Pit.
 14288 | Lair:2   | Noticed a four-headed hydra
 14310 | Lair:2   | Killed a four-headed hydra
 15027 | Lair:2   | Received a gift from Okawaru
 15197 | Lair:2   | Identified the Catalogue of Contamination and Summoning
 15519 | Lair:3   | Reached XP level 13. HP: 88/88 MP: 17/17
 15660 | Lair:3   | Noticed a six-headed hydra
 15678 | Lair:3   | Killed a six-headed hydra
 15678 | Lair:3   | Received a gift from Okawaru
 15765 | Lair:3   | Found a gate leading to a gauntlet.
 16557 | Lair:4   | Noticed Urug
 16598 | Lair:4   | Noticed a four-headed hydra
 16616 | Lair:4   | Killed a four-headed hydra
 16732 | Lair:4   | Noticed a six-headed hydra
 16791 | Lair:4   | Killed a six-headed hydra
 17001 | Lair:4   | Received a gift from Okawaru
 17016 | Lair:4   | Reached skill level 17 in Slings
 17332 | Lair:4   | Killed Urug
 17360 | Lair:4   | Received a gift from Okawaru
 18366 | Lair:5   | Reached skill level 10 in Armour
 18651 | Lair:5   | Reached XP level 14. HP: 80/97 MP: 19/19
 18929 | Lair:5   | You fall into a shaft and drop 1 floor!
 18929 | Lair:6   | Entered Level 6 of the Lair of Beasts
 18972 | Lair:6   | Received a gift from Okawaru
 19050 | Lair:6   | Reached skill level 10 in Dodging
 19536 | Lair:6   | Reached skill level 10 in Shields
 19927 | Lair:6   | Received a gift from Okawaru
 20359 | Lair:6   | Received a gift from Okawaru
 20360 | Lair:6   | Found the +8 demon trident "Rift" {distort, reach+}
 20829 | Lair:6   | Found a staircase to the Slime Pits.
 23343 | Lair:6   | Received a gift from Okawaru
 23379 | Lair:5   | Reached skill level 10 in Fighting
 23665 | Lair:6   | Reached ****** piety under Okawaru
 23665 | Lair:6   | Received a gift from Okawaru
 23804 | Lair:6   | Noticed a dire elephant
 23827 | Lair:6   | Killed a dire elephant
 23828 | Lair:6   | Reached XP level 15. HP: 95/103 MP: 21/21
 24923 | Lair:1   | Got an ichor-stained leather armour
 24926 | Lair:1   | Identified the +1 leather armour "Hero's Friend" {rC+
                  | Str+5} (You found it on level 1 of the Lair of Beasts)
 25120 | Orc:1    | Entered Level 1 of the Orcish Mines
 25597 | Orc:1    | Noticed Josephine
 25632 | Orc:1    | Reached skill level 18 in Slings
 25665 | Orc:1    | Killed Josephine
 25725 | Orc:1    | Reached skill level 1 in Polearms
 26115 | Orc:1    | Found Kauddo's General Store.
 26121 | Orc:1    | Bought a scroll of identify for 20 gold pieces
 26121 | Orc:1    | Bought 17 stones for 17 gold pieces
 26121 | Orc:1    | Bought 6 stones for 6 gold pieces
 26121 | Orc:1    | Bought 12 stones for 12 gold pieces
 26235 | Orc:2    | Entered Level 2 of the Orcish Mines
 26278 | Orc:2    | Noticed an orc warlord
 26496 | Orc:2    | Noticed Donald
 26531 | Orc:2    | Killed Donald
 26762 | Orc:2    | Killed an orc warlord
 27415 | Orc:2    | Noticed Rupert
 27444 | Orc:2    | Killed Rupert
 27606 | Orc:2    | Found Fiymy's Distillery.
 27617 | Orc:2    | Found Hessuseo's Magic Scroll Shop.
 27717 | Orc:2    | Bought a potion of heal wounds for 75 gold pieces
 27720 | Orc:2    | Bought a scroll of identify for 26 gold pieces
 27720 | Orc:2    | Bought a scroll of teleportation for 39 gold pieces
 28264 | Orc:2    | Received a gift from Okawaru
 28626 | Orc:2    | Gained mutation: You are dopey. (Int -2) [a neqoxec]
 29084 | Orc:2    | Found a staircase to the Elven Halls.
 29434 | Orc:2    | Reached XP level 16. HP: 111/111 MP: 23/23
 29592 | Orc:2    | Found Tataunle's Book Shoppe.
 29592 | Orc:2    | Found Ukhlyreta's Antique Weapon Emporium.
 29592 | Orc:2    | Found a one-way gate leading to the halls of Pandemonium.
 30226 | Lair:2   | Found a staircase to the Swamp.
 30374 | Swamp:1  | Entered Level 1 of the Swamp
 30751 | Swamp:1  | HP: 5/111 [ghost crab] (6)]
 30757 | Swamp:1  | Mangled by a bog body

Illustrated notes

Levels and vault maps discovered:
D:1:      ncdulo_smallfort, layout_basic
D:2:      layout_loops_cross, lemuel_round_altar,
          nicolae_ru_the_path_less_chosen
D:3:      layout_loops_ring, overflow_temple_1_default, grunt_decor_resistance
D:4:      layout_layer_cave, old_standard_altar
D:5:      layout_gridville, tso_metal_star, temple_statues
D:6:      layout_basic, kb_xom_exploding_sheep, serial_shops,
          nicolae_shop_crystal, minmay_unpleasant_kobolds, uniq_pikel
D:7:      layout_basic
D:8:      layout_basic, elyvilon_altar_4, erik_lair_dragon, minmay_checkerbox,
          uniq_psyche
D:9:      layout_grid_maze, kennysheep_mini, led_sif_pool,
          gammafunk_temple_overflow_elements, david_orc_3, serial_shops,
          nicolae_shop_competitors_out_of_business
D:10:     layout_small_grid, uniq_nergalle
Temple:   hc_temple_tempest_star
Lair:1:   layout_layer_cave, grunt_megastairs_2
Lair:2:   layout_loops_ring, minmay_swamp_entry_worms,
          guppyfry_snake_entry_garden, guppyfry_lair_drakes,
          minmay_lair_oklob_chamber
Lair:3:   layout_hall_layers, gauntlet_entry_generic, infiniplex_staircase_pool,
          serial_bayou_shore_b
Lair:4:   layout_gridlike, serial_bayou_shore_b, uniq_urug
Lair:5:   layout_concentric_octagons
Lair:6:   grunt_lair_end_beastmaster, layout_hall_layers,
          nicolae_slime_entry_slimehenge, minivault_19, serial_bayou_shore_b
Swamp:1:  layout_basic_swamp, hangedman_swamp_ruin_wall
Orc:1:    cheibrodos_orc_guarddog, layout_caves, serial_shops,
          nicolae_shop_behind_doors, uniq_josephine
Orc:2:    pf_orc_diabolical, layout_caves, nicolae_orc_stony_grotto,
          uniq_rupert, uniq_donald

Skill      XL: |  1  2  3  4  5  6  7  8  9 10 11 12 13 14 15 |
---------------+----------------------------------------------+-----
Slings         | 6 7 8 9 11 12 13 14 15 16 17 18 | 18.7
Fighting       | 2 3 4 5 6 7 8 9 10 | 10.9
Armour         | 1 2 3 4 5 7 8 9 10 11 | 11.8
Shields        | 1 2 3 5 6 8 9 10 11 | 11.8
Dodging        | 4 5 6 7 8 9 10 11 | 11.5
Invocations    | 3 5 7 8 9 |  9.7
Stealth        | 2 3 |  3.0
Polearms       | 3 |  3.2
Evocations     | |  0.9

Action                   |  1- 3 |  4- 6 |  7- 9 | 10-12 | 13-15 | 16-18 || total
-------------------------+-------+-------+-------+-------+-------+-------++-------
Melee: Hunting sling     |       |       |       |     4 |       |       ||     4
 Fire: Hunting sling     |    62 |   193 |   375 |   999 |  2423 |   156 ||  4208
Invok: Heroism           |       |       |       |     5 |     7 |       ||    12
       Finesse           |       |       |       |       |     2 |       ||     2
Evoke: Wand              |       |       |       |     5 |       |       ||     5
       Phial of floods   |       |       |       |       |     1 |       ||     1
  Use: Scroll            |       |     1 |    15 |     8 |     8 |     6 ||    38
       Potion            |       |       |     1 |     3 |     2 |     3 ||     9
Armor: Chain mail        |     8 |    41 |    47 |   126 |       |       ||   222
       Steam dragon scal |       |       |       |    11 |   253 |       ||   264
       Plate armour      |       |       |       |       |       |    78 ||    78
Dodge: Dodged            |    14 |    28 |    25 |   136 |   710 |    78 ||   991
Block: Kite shield       |       |    11 |    58 |   229 |   851 |    72 ||  1221

Table legend: (Time is in decaauts)
 A = Elapsed time spent in this place.
 B = Non-inter-level travel time spent in this place.
 C = Inter-level travel time spent in this place.
 D = Time resting spent in this place.
 E = Time spent auto-exploring this place.
 F = Levels seen in this place.
 G = Mean time per level.
                   A        B        C        D        E       F      G
               +--------+--------+--------+--------+--------+-----+--------+
         Total |  29419 |  27302 |   2117 |   2111 |  20114 |  20 | 1470.9 |
       Dungeon |  13464 |  12116 |   1348 |    429 |   9630 |  10 | 1346.4 |
        Temple |    123 |     87 |     36 |      0 |     86 |   1 |  123.0 |
          Lair |  11331 |  10731 |    600 |   1612 |   7164 |   6 | 1888.5 |
         Swamp |    357 |    357 |      0 |      4 |    254 |   1 |  357.0 |
  Orcish Mines |   4142 |   4011 |    131 |     66 |   2979 |   2 | 2071.0 |
               +--------+--------+--------+--------+--------+-----+--------+

Top non-repeatable levels by time:
  Lair:6: 3373 daAuts
   Orc:2: 3246 daAuts
     D:8: 2248 daAuts
  Lair:4: 1961 daAuts
     D:9: 1954 daAuts
  Lair:2: 1940 daAuts
  Lair:5: 1856 daAuts
    D:10: 1492 daAuts
     D:7: 1419 daAuts
  Lair:1: 1204 daAuts
     D:3: 1165 daAuts
     D:4: 1149 daAuts
     D:1: 1071 daAuts
     D:5: 1056 daAuts
  Lair:3: 995 daAuts
